Map: Arctic Dream LE

Players

qqq - Winner!

  • Race: Protoss Protoss
  • Spawn Location: 11:00

Massa - Winner!

  • Race: Terran Terran
  • Spawn Location: 12:00

Arnold

  • Race: Terran Terran
  • Spawn Location: 6:00

Ravender

  • Race: Protoss Protoss
  • Spawn Location: 5:00

VOD

Have the link to the VOD?

Description

Time

  • Played on: June 15, 2020, 12:45 p.m.
  • Length: 17:30
Show
View Real Time Build Order
Export as new Build Order

qqq Protoss - Winner!

Build Orders: Cannon Rush, Carriers 

Get SALT Encoding   

  12  0:04  Probe  
  13  0:17  Pylon  
  13  0:31  Probe  
  14  0:35  Gateway  
  14  0:41  Pylon  
  14  0:45  Probe  
  15  0:57  Probe  
  16  1:06  Forge  
  16  1:09  Probe  
  17  1:26  Cybernetics Core  
  17  1:28  Probe  
  18  1:41  Photon Cannon  
  18  1:43  Photon Cannon  
  18  1:49  Pylon  
  18  1:58  Photon Cannon  
  18  2:12  Photon Cannon  
  18  2:20  Photon Cannon  
  18  2:38  Probe, Assimilator  
  18  2:40  Assimilator  
  19  2:50  Probe  
  20  3:02  Probe  
  21  3:14  Probe  
  21  3:17  Nexus  
  22  3:24  Stalker  
  22  3:26  Probe  
  25  3:39  Probe  
  25  3:40  Stargate  
  26  4:08  Nexus  
  26  4:18  Stargate  
  26  4:31  Void Ray  
  30  4:38  Probe  
  31  4:50  Probe  
  32  5:01  Assimilator  
  32  5:03  Probe  
  33  5:09  Zealot  
  35  5:15  Probe, Void Ray  
  40  5:27  Probe  
  41  5:31  Assimilator  
  41  5:32  Probe  
  42  5:39  Probe  
  43  5:44  Probe  
  43  5:48  Void Ray  
  48  5:51  Probe  
  48  5:56  Probe  
  50  6:00  Void Ray  
  50  6:03  Probe  
  55  6:15  Probe  
  56  6:21  Probe  
  57  6:27  Probe  
  58  6:33  Probe  
  58  6:38  Pylon  
  58  6:39  Probe  
  60  6:40  Pylon  
  60  6:45  Probe  
  61  6:56  Void Ray  
  65  7:14  Void Ray  
  63  7:39  Void Ray  
  67  7:44  Probe x2  
  69  7:56  Probe x2  
  69  7:57  Void Ray  
  66  8:15  Probe  
  66  8:16  Probe  
  65  8:21  Void Ray  
  67  8:27  Probe  
  67  8:28  Probe  
  61  8:38  Assimilator  
  61  8:39  Pylon  
  61  8:40  Probe, Phoenix  
  64  8:42  Assimilator  
  64  8:46  Nexus  
  64  8:48  Fleet Beacon  
  64  8:52  Probe  
  64  8:54  Probe  
  66  9:00  Protoss Air Weapons Level 1  
  66  9:04  Probe, Void Ray  
  66  9:05  Void Ray  
  66  9:06  Probe  
  66  9:09  Stargate  
  76  9:18  Probe  
  77  9:30  Probe  
  78  9:42  Probe  
  79  9:47  Void Ray  
  79  9:51  Carrier  
  85  9:55  Pylon  
  85  9:56  Probe  
  85  9:57  Probe  
  85  9:59  Pylon  
  75  10:03  Pylon  
  75  10:08  Pylon  
  75  10:09  Probe x2  
  75  10:12  Pylon  
  75  10:15  Pylon  
  75  10:21  Probe x2  
  77  10:30  Tempest  
  77  10:33  Probe, Carrier  
  85  10:39  Anion Pulse-Crystals  
  85  10:44  Probe  
  85  10:45  Probe  
  87  10:55  Tempest  
  87  10:56  Probe  
  93  10:57  Probe  
  94  11:08  Probe, Protoss Air Armor Level 1  
  94  11:09  Probe  
  96  11:13  Carrier  
  102  11:20  Probe  
  102  11:21  Probe  
  104  11:32  Probe  
  105  11:33  Probe  
  105  11:37  Phoenix  
  108  11:46  Carrier  
  114  12:02  Tempest  
  119  12:17  Carrier, Mothership  
  133  12:45  Carrier  
  133  12:48  Flux Vanes  
  133  12:49  Probe x2  
  133  12:50  Carrier  
  147  12:56  Assimilator  
  147  12:59  Assimilator  
  147  13:01  Probe  
  148  13:15  Nexus  
  148  13:22  Nexus  
  148  13:31  Nexus  
  148  13:49  Probe x2  
  148  13:54  Carrier  
  148  13:56  Pylon  
  148  14:01  Probe  
  148  14:02  Pylon  
  145  14:07  Pylon  
  145  14:12  Pylon  
  143  14:20  Pylon  
  143  14:22  Tempest, Carrier  
  143  14:23  Pylon  
  154  14:40  Pylon  
  154  14:45  Pylon  
  154  14:51  Probe x4  
  154  14:52  Pylon  
  158  14:56  Pylon  
  158  14:57  Pylon  
  158  14:58  Carrier  
  164  15:02  Pylon  
  164  15:03  Probe x4, Pylon  
  164  15:05  Phoenix  
  170  15:07  Pylon  
  170  15:12  Pylon  
  170  15:16  Pylon  
  170  15:23  Pylon  
  170  15:26  Carrier  
  176  15:28  Pylon  
  176  15:30  Carrier  
  181  16:01  Probe x4  
  181  16:02  Tempest  
  190  16:13  Probe x4  
  194  16:25  Probe x4  
  198  16:37  Probe x2  
  198  16:38  Stargate  
  200  16:40  Stargate  
  200  16:42  Stargate  
  200  16:44  Stargate  
Show
View Real Time Build Order
Export as new Build Order

Massa Terran - Winner!

Build Orders:  

Get SALT Encoding   

  12  0:11  Supply Depot  
  12  0:13  SCV  
  13  0:26  SCV  
  14  0:36  Barracks  
  14  0:38  SCV  
  15  0:50  SCV  
  16  1:07  Supply Depot  
  16  1:09  Refinery  
  16  1:13  Barracks  
  16  1:16  SCV  
  17  1:24  Marine  
  18  1:32  Barracks  
  18  1:36  SCV  
  19  1:42  Marine  
  20  2:01  Barracks  
  20  2:03  Marine x2  
  20  2:08  SCV  
  23  2:21  Marine  
  24  2:23  Marine x2  
  24  2:27  SCV  
  26  2:39  Marine  
  26  2:41  Marine  
  26  2:42  Marine  
  29  2:48  Supply Depot  
  29  2:54  Supply Depot  
  29  2:57  Marine  
  30  2:59  Marine  
  31  3:09  Marine x2  
  33  3:14  Marine  
  33  3:16  Marine  
  33  3:31  Marine x2  
  33  3:32  Marine  
  36  3:34  Marine  
  31  3:48  Marine  
  31  3:49  Marine  
  31  3:50  Marine  
  31  3:52  Marine  
  31  3:55  Orbital Command  
  35  3:56  Supply Depot  
  35  4:06  Marine x2  
  29  4:45  Marine x3  
  30  4:57  SCV, Factory  
  29  5:02  Command Center  
  29  5:04  Marine x2  
  31  5:09  SCV  
  31  5:21  SCV  
  31  5:24  Marine x2  
  31  5:25  Marine x2  
  35  5:33  SCV  
  36  5:42  Marine x4  
  40  5:56  Factory Tech Lab  
  40  6:00  Marine x4  
  44  6:05  Supply Depot  
  44  6:18  Marine x4  
  46  6:33  Siege Tank  
  46  6:35  Marine  
  46  6:36  Marine x3  
  48  6:53  Marine  
  48  6:54  Marine  
  50  6:55  Marine  
  50  6:59  SCV  
  53  7:05  Siege Tank  
  53  7:06  Supply Depot  
  55  7:09  Barracks Tech Lab  
  55  7:11  SCV, Marine x2  
  55  7:13  Marine  
  59  7:21  Orbital Command  
  59  7:23  SCV  
  60  7:35  SCV  
  61  7:43  Command Center  
  61  7:47  SCV  
  62  7:59  SCV  
  63  8:11  SCV  
  65  9:02  SCV  
  65  9:03  SCV  
  65  9:07  Orbital Command  
  66  9:14  Siege Tank  
  66  9:15  SCV x2, Marauder  
  66  9:16  Marine  
  76  9:18  Stimpack  
  76  9:20  Barracks Tech Lab  
  76  9:22  Barracks Reactor  
  74  9:27  SCV x2  
  76  9:34  Marine  
  76  9:37  Marauder  
  79  9:39  SCV x2  
  81  9:51  SCV  
  82  9:58  Marauder  
  84  10:00  Concussive Shells  
  84  10:04  Barracks Tech Lab  
  77  10:20  Marauder  
  57  10:32  Siege Tank  
  57  10:34  Marauder x2, Marine x2  
  60  10:41  Marauder  
  62  10:44  SCV x3  
  62  10:47  Engineering Bay  
  65  10:52  Marine x2  
  65  10:55  Marine  
  65  10:56  SCV, Marauder  
  71  10:57  Combat Shield  
  71  11:02  Refinery, Marine  
  72  11:04  Refinery  
  72  11:05  Siege Tank  
  75  11:11  Marine x2  
  75  11:14  Marauder  
  75  11:17  Marauder  
  81  11:20  Marauder  
  82  11:29  Marine x2  
  84  11:34  Marine  
  84  11:38  Marine  
  86  11:41  Marine  
  87  11:47  Marine x2  
  87  11:53  Marauder  
  91  11:56  Marauder  
  91  11:59  Marine  
  94  12:05  Marine x2  
  96  12:26  Terran Infantry Weapons Level 1  
  96  12:39  Command Center  
  96  12:48  Siege Tank  
  99  13:07  Command Center  
  99  13:40  Marauder  
  101  13:47  Supply Depot  
  101  13:49  Supply Depot  
  101  13:50  Marine x2  
  101  13:51  Marauder x2, Siege Tank  
  101  13:53  SCV  
  101  13:54  SCV x2  
  113  13:57  Orbital Command  
  113  14:01  Marauder  
  115  14:05  SCV  
  115  14:08  SCV x2, Marine x2  
  120  14:10  Supply Depot  
  120  14:12  Marauder x2  
  120  14:14  Supply Depot  
  124  14:18  SCV  
  124  14:20  SCV x2  
  124  14:23  Marauder, Siege Tank  
  132  14:26  Marine x2  
  132  14:30  SCV  
  135  14:33  SCV x2  
  135  14:34  Marauder x2, Supply Depot  
  141  14:38  Supply Depot  
  141  14:42  SCV  
  141  14:44  Marauder, Marine x2  
  141  14:45  SCV x2  
  148  14:52  Terran Infantry Armor Level 1  
  148  14:55  Marine x2  
  148  14:57  Armory  
  150  15:00  Supply Depot  
  150  15:05  Marine, Supply Depot  
  151  15:12  Marine x4  
  152  15:21  Planetary Fortress  
  152  15:23  Marine  
  152  15:25  Missile Turret  
  152  15:26  Missile Turret, Supply Depot  
  153  15:28  Supply Depot  
  153  15:29  Missile Turret  
  153  15:30  Marine x4  
  142  15:40  Marine  
  119  15:45  Engineering Bay  
  119  15:47  Missile Turret x2  
  119  15:48  Marine x4  
  119  15:49  Supply Depot  
  117  15:50  Missile Turret  
  117  15:52  Supply Depot  
  117  15:54  Missile Turret  
  117  15:56  Missile Turret x3  
  117  15:57  Missile Turret x2  
  117  15:58  Marine  
  117  15:59  Missile Turret x2  
  118  16:05  Marine  
  118  16:06  Marine x3  
  118  16:08  Starport, Missile Turret  
  118  16:10  Starport  
  122  16:12  Starport  
  122  16:13  Supply Depot  
  122  16:14  Starport  
  122  16:15  Supply Depot  
  122  16:16  Marine  
  123  16:24  Marine x2  
  126  16:36  Command Center  
  126  16:37  Supply Depot  
  124  16:40  Supply Depot  
  94  16:50  Refinery  
  64  16:55  Siege Tank  
  67  17:01  Supply Depot  
Show
View Real Time Build Order
Export as new Build Order

Arnold Terran 

Build Orders:  

Get SALT Encoding   

  12  0:02  SCV  
  13  0:19  Supply Depot  
  14  0:21  SCV  
  14  0:33  SCV  
  15  0:43  Refinery  
  15  0:45  SCV  
  16  0:59  Barracks  
  16  1:01  Barracks  
  16  1:07  SCV  
  17  1:17  Refinery  
  17  1:19  SCV  
  18  1:29  Supply Depot  
  18  1:32  SCV  
  19  1:52  Reaper x2  
  21  1:55  Barracks  
  22  2:01  SCV  
  22  2:24  Reaper  
  22  2:28  Reaper  
  24  2:32  Supply Depot  
  24  2:43  Reaper  
  25  2:56  Reaper  
  26  3:00  Reaper  
  27  3:10  Supply Depot  
  27  3:15  Reaper  
  25  3:28  Reaper  
  25  3:32  Reaper  
  26  3:47  Reaper  
  27  3:50  SCV  
  28  4:00  Reaper  
  28  4:02  SCV  
  30  4:04  Reaper  
  30  4:08  Command Center  
  31  4:10  Refinery  
  31  4:12  Refinery  
  31  4:19  Reaper  
  25  4:32  Reaper  
  25  4:36  Reaper  
  27  4:46  SCV  
  27  4:51  Reaper  
  29  4:58  SCV  
  30  5:04  Reaper  
  31  5:08  Reaper  
  31  5:10  SCV  
  33  5:54  Marine x3  
  34  6:01  SCV  
  34  6:02  SCV  
  34  6:03  Barracks  
  36  6:04  Barracks  
  36  6:12  Marine x3  
  36  6:14  SCV  
  37  6:27  Barracks  
  37  6:30  Marine x2  
  37  6:31  SCV  
  41  6:37  Orbital Command, Factory  
  37  6:43  SCV  
  33  6:55  SCV  
  33  6:58  Marine  
  31  7:03  SCV  
  31  7:07  SCV  
  27  7:15  SCV  
  27  7:16  Marine  
  23  7:33  Marine  
  23  7:38  SCV  
  23  7:39  SCV  
  24  7:50  SCV  
  24  7:51  SCV  
  1  8:36  Orbital Command  
    9:01  SCV  
  1  9:16  SCV  
  2  10:34  SCV  
  3  10:46  SCV  
  4  10:58  SCV  
  5  11:10  SCV  
  6  11:25  Orbital Command  
  6  11:52  SCV  
  6  12:04  SCV  
  2  12:17  SCV  
  3  12:29  SCV  
  4  12:41  SCV  
Show
View Real Time Build Order
Export as new Build Order

Ravender Protoss 

Build Orders: Carriers 

Get SALT Encoding   

  1  0:00  Probe  
  13  0:08  Probe  
  14  0:19  Probe  
  15  0:24  Pylon  
  15  0:42  Probe, Forge  
  16  0:52  Pylon  
  16  0:54  Probe  
  17  1:17  Photon Cannon  
  17  1:19  Photon Cannon  
  17  1:22  Pylon  
  17  2:08  Pylon  
  16  2:26  Nexus  
  16  2:39  Nexus  
  16  2:41  Pylon  
  16  2:46  Pylon  
  16  2:59  Assimilator  
  16  3:01  Assimilator  
  16  3:06  Gateway, Pylon  
  16  3:10  Probe  
  17  3:21  Photon Cannon  
  17  3:22  Probe  
  18  3:33  Photon Cannon  
  19  3:34  Probe  
  19  3:42  Photon Cannon  
  19  3:52  Photon Cannon  
  19  3:53  Probe  
  19  4:01  Probe x3  
  21  4:09  Probe  
  23  4:13  Probe  
  25  4:18  Probe  
  25  4:20  Probe  
  27  4:25  Probe  
  28  4:32  Probe  
  28  4:36  Probe  
  30  4:41  Probe  
  30  4:44  Probe  
  31  4:49  Probe  
  31  4:52  Probe  
  32  4:58  Cybernetics Core x2  
  32  4:59  Probe  
  34  5:02  Probe  
  34  5:03  Probe  
  37  5:08  Probe  
  37  5:10  Probe  
  39  5:14  Probe  
  39  5:17  Probe  
  39  5:18  Probe  
  41  5:22  Probe  
  41  5:25  Probe  
  43  5:29  Pylon  
  43  5:30  Probe x2  
  46  5:42  Probe x2, Stargate  
  48  5:44  Stargate  
  48  5:49  Protoss Air Armor Level 1, Protoss Air Weapons Level 1  
  48  5:52  Photon Cannon  
  48  5:54  Probe  
  48  5:56  Photon Cannon, Shield Battery  
  49  5:57  Pylon  
  49  6:01  Probe  
  50  6:06  Probe  
  50  6:07  Assimilator  
  51  6:12  Assimilator  
  51  6:13  Probe  
  51  6:15  Pylon  
  52  6:18  Probe  
  52  6:25  Probe  
  54  6:31  Assimilator  
  54  6:32  Void Ray x2  
  54  6:34  Assimilator  
  54  6:36  Photon Cannon  
  62  7:00  Probe  
  62  7:04  Probe  
  62  7:07  Phoenix x2  
  64  7:08  Probe  
  64  7:12  Probe x2  
  68  7:18  Probe  
  68  7:22  Probe  
  72  7:24  Probe  
  74  7:36  Probe  
  67  7:39  Phoenix x2  
  69  8:13  Void Ray  
  69  8:14  Void Ray  
  73  8:51  Void Ray x2  
  73  8:54  Gateway  
  73  8:58  Gateway  
  73  9:00  Gateway  
  81  9:03  Photon Cannon  
  81  9:04  Photon Cannon x2  
  81  9:06  Photon Cannon  
  81  9:08  Photon Cannon x2  
  81  9:12  Photon Cannon  
  81  9:15  Shield Battery  
  81  9:16  Shield Battery  
  81  9:19  Pylon  
  81  9:29  Fleet Beacon  
  67  10:34  Pylon  
  67  10:36  Pylon  
  67  10:38  Pylon  
  67  10:40  Assimilator  
  79  11:06  Pylon  
  79  11:11  Pylon  
  79  11:23  Stargate  
  79  11:24  Stargate, Nexus  
  79  11:26  Assimilator  
  79  11:32  Assimilator  
  75  11:37  Pylon  
  75  11:38  Nexus  
  75  11:41  Assimilator  
  75  11:45  Assimilator  
  61  11:59  Pylon  
  61  12:00  Pylon  
  55  12:01  Pylon  
  55  12:02  Pylon  
  55  12:04  Pylon  
  55  12:07  Photon Cannon  
  55  12:08  Photon Cannon x2  
  55  12:09  Photon Cannon  
  54  12:21  Stargate  
  54  12:22  Stargate  
  54  12:24  Stargate  
  54  12:26  Stargate  
  54  12:29  Fleet Beacon  
  54  12:32  Carrier x2, Cybernetics Core  
  54  12:33  Probe  
  54  12:36  Cybernetics Core  
  51  12:41  Probe  
  51  12:43  Protoss Air Weapons Level 2  
  39  12:44  Protoss Air Armor Level 2  
  39  12:47  Stargate  
  39  12:48  Probe  
  39  12:50  Probe  
  34  12:56  Probe  
  36  13:02  Probe  
  36  13:04  Mothership  
  38  13:05  Probe  
  38  13:06  Pylon  
  38  13:09  Pylon  
  38  13:11  Pylon  
  39  13:18  Probe  
  48  13:25  Carrier x3  
  48  13:26  Carrier  
  72  13:30  Probe  
  77  13:44  Probe  
  69  13:48  Protoss Shields Level 1  
  69  13:51  Tempest  
  68  13:56  Probe  
  68  13:58  Carrier  
  67  14:08  Probe  
  68  14:10  Probe  
  63  14:20  Probe  
  63  14:22  Probe  
  59  14:29  Carrier  
  65  14:32  Probe  
  65  14:34  Probe  
  65  14:37  Pylon  
  65  14:38  Pylon  
  67  14:44  Pylon  
  67  14:56  Probe  
  68  15:04  Probe  
  68  15:12  Probe  
  69  15:17  Carrier  
  76  15:24  Probe  
  77  15:36  Probe  
  78  15:49  Pylon  
  78  15:51  Pylon  
  78  15:53  Probe x2  
  80  16:02  Carrier  
  80  16:03  Probe  
  83  16:07  Probe  
  85  17:02  Probe  
  85  17:05  Probe  
Tags
 
Add a new tag
Caveats
  • Supply blocks, unpowered buildings, or Contaminate may cause inaccurate times.
  • Supply counts are checked every 10 seconds.